[Event "13th KIIT Festival-A 2022"]
[Site "Bhubaneswar"]
[Date "2022.05.24"]
[Round "3.7"]
[White "Praloy Sahoo"]
[Black "Mirzoev, Azer"]
[Result "0-1"]
[ECO "B13"]
[WhiteElo "2065"]
[BlackElo "2476"]
[Annotator "TA"]
[PlyCount "120"]
[EventDate "2022.05.15"]
[EventType "swiss"]
[EventCountry "IND"]
[SourceTitle "playchess.com"]
[Source "ChessBase"]
[SourceQuality "1"]
[TimeControl "5400+30"]

1. e4 c6 2. d4 d5 3. exd5 cxd5 4. Bd3 Nc6 5. c3 Nf6 6. h3 g6 7. Nf3 Bf5 8. O-O {[%emt 0:01:56] 8.Be2 deserves study.} Bxd3 {[%emt 0:00:15] B13: Caro-Kann: Exchange Variation and Panov-Botvinnik Attack.} 9. Qxd3 Bg7 10. Ne5 O-O {[%emt 0:00:41] [#] The position is equal.} 11. Nd2 $146 ({Predecessor:} 11. f4 e6 12. Nd2 Rc8 13. Ndf3 Ne4 14. Nxc6 Rxc6 15. g4 f5 16. g5 Qb6 17. Kg2 {½-½ (46) Linnemann,N (1946)-Braun,G (2186) Osnabrueck 2012}) 11... e6 12. Nxc6 bxc6 13. Nb3 Nd7 14. Bf4 Re8 15. Qa6 Qb6 16. Qa4 a5 17. Rfc1 Qa6 18. Bd6 Bf8 19. Bxf8 Rxf8 20. Rab1 Rfb8 21. Nd2 Ra7 22. c4 Kg7 23. h4 Nf6 24. Rc3 Rb4 25. Qc2 a4 26. a3 Rb6 27. f3 (27. Nf3 $11 {remains equal.}) 27... h5 $17 28. c5 Rb8 29. Nf1 Rab7 30. Ne3 Rb3 31. Nd1 Nd7 {[%emt 0:01:55] Black is more active.} 32. Rc1 e5 33. Qd2 Kg8 $1 34. Kf2 Qa5 35. R1c2 Qd8 36. Kg3 Qf6 37. dxe5 Qxe5+ ({Inferior is} 37... Nxe5 38. Qd4 $17) 38. Kf2 (38. Qf4 $17) 38... Nf8 $19 39. Re3 (39. Kg1 $142) 39... Qf6 40. g3 Ne6 41. Rxb3 Rxb3 (41... axb3 $2 {is the wrong capture.} 42. Rc3 $19) 42. Rc3 Rb5 43. Qc2 Qd4+ 44. Kg2 Rxc5 (44... Nxc5 45. Kf1) 45. Qe2 Kg7 46. Rxc5 Nxc5 {[%emt 0:00:08][%mdl 4096] Endgame KQN-KQN} ({Not} 46... Qxc5 47. Nc3) 47. Nc3 Kf6 48. Qe8 $2 {[%emt 0:00:18] [#]} (48. Kf1) 48... Kg7 $2 (48... Qd2+ $1 $19 49. Ne2 Ne6) 49. Qxc6 $2 (49. Qe2 $11) 49... Nd3 {[%emt 0:02:14] ( -> ...Qf2+)} 50. Nxd5 Qf2+ 51. Kh3 Qf1+ 52. Kh2 {[%emt 0:00:06] [#]} Qe2+ $1 53. Kh1 Qxf3+ 54. Kh2 Ne5 (54... Qe2+ $142 55. Kg1 Ne5 56. Qc3 Qd1+ 57. Kf2 Qxd5 58. Kf1 Qd1+ 59. Kf2 Qd5 60. Ke3 Kh7 61. Ke2 Qe4+ 62. Kd2 Nf3+ 63. Kd1 Nd4 64. Qc4 Qf3+ 65. Kd2 Nb3+ 66. Kc2 Qg2+ 67. Kd3 Qxg3+ 68. Ke2 Qg4+ 69. Kd3 Qf3+ 70. Kc2 Qg2+ 71. Kd3 Qd2+ 72. Ke4 Qe1+ 73. Kd3 Qd2+ 74. Ke4 Qe1+ 75. Kd3 Qf2 76. Qd5 Qf1+ 77. Ke3 Qc1+ 78. Kd3 Nc5+ 79. Ke2 Qxb2+ 80. Kf1 Ne6 81. Qf3 Kg7 82. Qe3 Nd4 83. Qe5+ Kh7 84. Qe3 Nc2 85. Qf4 Qb3 86. Ke2 Nxa3 87. Kd2 Nc4+ 88. Ke2 Qa2+ 89. Kf3 Nb2 90. Qe3 Qe6 91. Qg5 a3 92. Qb5 Nd1 93. Kg2 Qe4+ 94. Kg1 Qe3+ 95. Kh2 Qf4+ 96. Kh3 Qf3+ 97. Kh2 Ne3 98. Qg5 a2 99. Qg3 Ng4+ 100. Qxg4 hxg4 101. Kg1 a1=Q+ 102. Kh2 Qh3#) 55. Qc5 Qe2+ 56. Kh1 Qf1+ 57. Qg1 Qf3+ 58. Qg2 Qd1+ 59. Kh2 Nf3+ 60. Kh3 Qxd5 {[%emt 0:00:07] Weighted Error Value: White=0.42/Black=0.36} 0-1

[Event "13th KIIT Festival-A 2022"]
[Site "Bhubaneswar"]
[Date "2022.05.24"]
[Round "3.8"]
[White "Stupak, Kirill"]
[Black "Alekhya Mukhopadhyay"]
[Result "*"]
[ECO "B07"]
[WhiteElo "2440"]
[BlackElo "2162"]
[Annotator "TA"]
[PlyCount "41"]
[EventDate "2022.05.15"]
[EventType "swiss"]
[EventCountry "IND"]
[SourceTitle "playchess.com"]
[Source "ChessBase"]
[SourceQuality "1"]
[TimeControl "5400+30"]

1. d4 Nf6 2. g3 g6 3. Bg2 Bg7 4. e4 d6 5. Nc3 O-O 6. Nge2 e5 7. O-O Nc6 8. dxe5 Nxe5 9. h3 Re8 10. b3 {[%emt 0:00:13] B07: Pirc Defence: Miscellaneous Systems.} Rb8 11. a4 b6 12. g4 {[%emt 0:10:05] The position is equal.} Bb7 {[%emt 0:01:31] [#]} 13. Bg5 $146 (13. Rb1 $11) ({Predecessor:} 13. Ng3 Ned7 14. Bd2 Nc5 15. Re1 a5 16. f4 Nfd7 17. Rc1 Bd4+ 18. Kh2 Qh4 19. Qf3 {0-1 (51) Stupak,K (2561)-Jojua,D (2563) Minsk 2019}) 13... h6 $15 14. Bh4 g5 15. Bg3 Ng6 16. Qd3 h5 17. f3 h4 (17... d5 $5 ) 18. Bh2 Nd7 19. Rae1 Nc5 20. Qd2 Ne6 21. Nd5 {[%emt 0:07:29] Weighted Error Value: White=0.14 (very precise) /Black=0.03 (flawless)} *

[Event "13th KIIT Festival-A 2022"]
[Site "Bhubaneswar"]
[Date "2022.05.24"]
[Round "3.9"]
[White "Rakesh, Kumar Nayak"]
[Black "Rahman, Ziaur"]
[Result "1/2-1/2"]
[ECO "A13"]
[WhiteElo "2053"]
[BlackElo "2431"]
[Annotator "TA"]
[PlyCount "169"]
[EventDate "2022.05.15"]
[EventType "swiss"]
[EventCountry "IND"]
[SourceTitle "playchess.com"]
[Source "ChessBase"]
[SourceQuality "1"]
[TimeControl "5400+30"]

1. c4 e6 2. g3 d5 3. Bg2 Nf6 4. Nf3 dxc4 5. Na3 Bxa3 6. bxa3 O-O 7. Qc2 {[%emt 0:01:42] A13: English Opening: 1...e6.} Nc6 8. Bb2 Qd6 9. Qxc4 {[%emt 0:08:24] The position is equal.} e5 10. d3 {[%emt 0:25:28] [#]} Be6 $146 ({Predecessor:} 10... Rb8 11. Rc1 Be6 12. Qc5 Bd5 13. O-O Rfe8 14. d4 e4 15. Ne5 Bxa2 16. f3 e3 {0-1 (40) Bagri,J (2200)-Carron,J (2355) Leukerbad 2011}) 11. Qc3 Nd5 12. Qd2 Rad8 13. O-O f6 14. Rac1 Nde7 15. Qc2 Bd5 16. Rfd1 Qe6 17. Rd2 Bxa2 18. Bc3 Bb3 19. Qb1 a5 (19... b6 $15) 20. Rb2 $14 a4 21. Nd2 Bd5 22. e4 (22. Rxb7 $14 Rb8 23. Rb5) 22... Bb3 $1 $11 23. Nxb3 axb3 24. Bf1 b6 25. Rxb3 Kh8 26. Rb5 Ra8 27. Qb2 Rfd8 28. Ra1 (28. Qb3 $11 Qd7 29. Qb2) 28... Nd4 29. Bxd4 Rxd4 30. Rc1 Qd7 31. Rb3 Rd6 32. Rbc3 c5 33. Rb3 Qa7 34. Rb1 Rb8 35. Rb5 Rc6 36. Bh3 g5 ({Better is} 36... Nc8 $14) 37. Qb3 $16 {[%emt 0:00:40] aiming for a4.} Kg7 (37... Ra8 $16) 38. a4 $18 h5 39. Be6 Rd6 40. Bd5 (40. a5 $6 Nc6 41. Qa2 (41. axb6 Qe7 $11) (41. Rxb6 Nxa5 42. Rxb8 Nxb3 $11) 41... Nd4 42. Rxb6 Rdxb6 43. Rxb6 (43. axb6 Qxa2 44. Bxa2 Ne2+ 45. Kf1 Nc3 $11) 43... Rxb6 44. axb6 Qxb6 $11) (40. Bc4 $1 $16) 40... Nxd5 $11 41. exd5 Rbd8 (41... Qd7 $5 ) 42. a5 Rxd5 43. axb6 (43. Rxb6 $5 Qxa5 44. Rb7+ Kh6 45. Qc4 $14) 43... Qb7 44. Ra5 ({White should try} 44. Qd1 $11) 44... Rxd3 $15 45. Ra7 Qxa7 46. bxa7 {[%emt 0:00:14] White wants to mate with Qb7+.} Rxb3 47. Rxb3 $17 {[%emt 0:00:05][%mdl 4096] Endgame KR-KR} Rd1+ $1 48. Kg2 Ra1 49. Rb7+ Kg6 50. h3 (50. Kf3 $15 {was preferrable.}) 50... c4 51. g4 c3 52. Rc7 c2 53. Rxc2 ({Of course not} 53. gxh5+ Kxh5 54. Rxc2 Rxa7 $17) 53... Rxa7 54. Rc6 h4 55. Rb6 Kf7 56. Rc6 Ke7 57. Rb6 Rd7 58. Ra6 Rd6 (58... Rd4 $17 59. Ra7+ Ke6 60. Ra6+ Rd6) 59. Ra5 (59. Rxd6 $1 $11 {keeps the balance.} Kxd6 60. Kf3) 59... Ke6 60. Ra8 Kd5 61. Kf3 Rb6 62. Rd8+ Ke6 63. Ra8 Rb3+ 64. Kg2 Rd3 65. Rb8 e4 (65... Ra3 $17 66. Rb7 Rd3 67. Rb6+ Ke7) 66. Ra8 (66. Re8+ $11 Kd5 67. Rd8+ Ke6 68. Re8+ Kd6 69. Rxe4) 66... Rd6 67. Re8+ Kd5 68. Re7 Re6 69. Ra7 e3 (69... Rc6 $17) 70. Ra5+ {[%emt 0:00:12] [#]} (70. Rd7+ $1 $15 Kc6 71. Rd1) 70... Kc4 (70... Kd4 $1 $17 {( -> ...e2)} 71. Ra4+ Kc5 72. fxe3 Rxe3) 71. fxe3 $15 Rxe3 72. Rf5 (72. Ra6 $15 {feels stronger.}) 72... Re6 (72... Re2+ $17 73. Kg1 Re6) 73. Kf2 (73. Rf1 $15) 73... Kd3 74. Kg2 Ke4 75. Kh2 Ra6 76. Kg2 Ra2+ 77. Kg1 Ra3 78. Kg2 Rg3+ 79. Kh2 Rf3 80. Ra5 Rf2+ 81. Kg1 Rf4 82. Kg2 Kd4 83. Rb5 Kc4 {[%emt 0:00:29] Prevents Rb4+.} 84. Ra5 {[%emt 0:00:04] [#]} Kb4 (84... Kd3 $1 $17) 85. Rd5 {[%emt 0:00:03] Weighted Error Value: White=0.14 (very precise) /Black=0.14 (very precise)} 1/2-1/2

[Event "13th KIIT Festival-A 2022"]
[Site "Bhubaneswar"]
[Date "2022.05.24"]
[Round "3.10"]
[White "Laxman, R.R."]
[Black "Ram Aravind L N"]
[Result "1-0"]
[ECO "D02"]
[WhiteElo "2420"]
[BlackElo "2116"]
[Annotator "TA"]
[PlyCount "153"]
[EventDate "2022.05.15"]
[EventType "swiss"]
[EventCountry "IND"]
[SourceTitle "playchess.com"]
[Source "ChessBase"]
[SourceQuality "1"]
[TimeControl "5400+30"]

1. d4 d5 2. Nf3 Nf6 3. c4 e6 4. g3 b6 5. Bg2 Bb7 6. cxd5 exd5 7. Nc3 Bd6 8. O-O O-O {[%emt 0:06:29] 8...0-0 scores better than 8...a6.} 9. Ne5 {[%emt 0:04:19] D02: 1 d4 d5 2 Nf3 sidelines, including 2...Nf6 3 g3 and 2...Nf6 3 Bf4.} Nbd7 10. Bf4 Re8 11. Nxd7 {[%emt 0:01:27] The position is equal.} Qxd7 12. Bxd6 Qxd6 {[%emt 0:00:17] [#]} 13. Rc1 $146 {[%emt 0:00:09] [#] And now Nb5 would win.} ({Predecessor:} 13. Qc2 a6 14. Rac1 Re7 15. e3 Ne4 16. Ne2 Rae8 17. Nf4 a5 18. Rfe1 Ba6 19. Qc6 Qxc6 20. Rxc6 {1-0 (31) Sarana,A (2649)-Esipenko,A (2087) Sochi 2021}) 13... a6 {[%emt 0:08:00] Against Nb5} 14. a3 c5 15. dxc5 $1 bxc5 16. e4 d4 17. e5 $1 Qxe5 18. Bxb7 Ra7 19. Bc6 Re6 {[%emt 0:12:15] [#]} 20. Ba4 {[%emt 0:00:11][%cal Oa4b3] Hoping for Bb3!} dxc3 21. Qd8+ (21. Rxc3 g6 $14) 21... Ne8 22. Rxc3 Rae7 23. Qa5 {[%emt 0:05:47] White is more active.} Qd4 24. Bxe8 ({Don't take} 24. Rxc5 Qxb2 25. Bc6 Rf6 $14) 24... Rxe8 25. Qxc5 Qd2 26. b4 g6 27. Qc4 (27. Rf3 {keeps more tension.} Re1 28. Rxe1 Rxe1+ 29. Kg2) 27... Re1 (27... Rf6 $142 28. Rd3 Qb2) 28. Rf3 (28. Rd3 $142 Rxf1+ 29. Kxf1 Qe1+ 30. Kg2) 28... R1e6 29. Kg2 h5 30. Qf4 Qd7 31. Rc1 {[%emt 0:00:06] Threatens to win with Rc7.} Re5 32. Qf6 ({Better is} 32. Qc4) 32... R5e6 33. Qf4 Re5 $1 34. Qc4 Re4 (34... Qb7 $16 35. Qc7 (35. Qc6 R8e7 $16) 35... R8e7 36. Qxb7 Rxb7) 35. Qc7 Qd5 {[%emt 0:00:45] Black cannot hold the game after this.} (35... R8e7 $16 36. Qxd7 Rxd7) 36. Qc6 Qd2 37. h4 R4e6 38. Qc7 R6e7 39. Qc3 $36 {[%emt 0:00:45][%mdl 2048] White is really pushing.} Qd5 40. Qc4 Qd2 (40... Qb5 $16 41. Kh2 Qxc4 42. Rxc4 Kg7) 41. Rcc3 Qd1 (41... Qd6 $142 42. Qc6 Qe6 43. Qxe6 Rxe6) 42. Rcd3 $18 ({Stronger than} 42. Qxa6 Re1 43. Rf6 Rg1+ 44. Kh2 Rh1+ 45. Kg2 Rf8 $11) 42... Qa1 43. Rde3 Re6 44. Rxe6 Rxe6 {[%emt 0:00:02][%mdl 4096] Endgame KQR-KQR} 45. Qc8+ Kg7 46. Qb7 Rf6 47. Rxf6 Qxf6 {[%emt 0:00:04] KQ-KQ} 48. a4 {[%emt 0:00:01][%cal Ba3a4,Ba4a5][%mdl 32] Strongly threatening b5.} Qd4 $2 (48... g5 49. hxg5 Qxg5) 49. a5 {[%emt 0:00:30] White wants to mate with b5.} g5 50. hxg5 {[%emt 0:00:04][%cal Bh4g5,Bg5g6,Bg6f7][%mdl 32] b5 is the strong threat.} h4 51. g6 {[%emt 0:00:22] White mates.} Kh8 52. gxf7 Kg7 53. Qf3 Kf8 54. b5 axb5 55. a6 b4 56. gxh4 Qxh4 57. Qf5 Qd4 58. Qe6 Qg7+ 59. Kf3 Qc3+ 60. Kg4 Qd4+ 61. f4 Qg1+ 62. Kf5 Qc5+ 63. Ke4 Qc2+ 64. Kd4 Qf2+ 65. Qe3 Qb2+ 66. Kc5 Kxf7 67. a7 Qa2 68. Kxb4 Qa6 69. Qc5 Qb7+ 70. Ka5 Qg2 71. Kb6 Qb2+ 72. Kc7 Qa2 73. f5 Qh2+ 74. Kd7 Qg2 75. Qe7+ Kg8 76. Qe8+ Kh7 77. Qg6+ {[%emt 0:00:02] Weighted Error Value: White=0.15 (very precise) /Black=0.37} 1-0

[Event "13th KIIT Festival-A 2022"]
[Site "Bhubaneswar"]
[Date "2022.05.24"]
[Round "3.11"]
[White "Stupak, Kirill"]
[Black "Alekhya Mukhopadhyay"]
[Result "0-1"]
[ECO "B08"]
[WhiteElo "2440"]
[BlackElo "2162"]
[Annotator "TA"]
[PlyCount "98"]
[EventDate "2022.05.15"]
[EventType "swiss"]
[EventCountry "IND"]
[SourceTitle "playchess.com"]
[Source "ChessBase"]
[SourceQuality "1"]
[TimeControl "5400+30"]

1. e4 g6 2. d4 Bg7 3. Nf3 c6 4. Nc3 d6 5. Be3 Nf6 6. Qd2 O-O 7. h3 b5 8. a3 a6 9. Be2 Qc7 10. O-O Nbd7 11. Rad1 {[%emt 0:01:56] B08: Pirc Defence: Classical System.} c5 {[%emt 0:09:10] [#]} 12. dxc5 $146 ({Better is} 12. Bh6 $11) ({Predecessor:} 12. d5 b4 13. axb4 cxb4 14. Na2 a5 15. Bd3 Nc5 16. Bxc5 Qxc5 17. Rfe1 Nd7 18. c3 bxc3 19. Nxc3 {0-1 (45) Belus,B (1961)-Petran,P (2306) Tatranske Zruby 2016}) 12... Nxc5 $15 13. Bxc5 {[%emt 0:06:20] Black is slightly better.} Qxc5 14. Bd3 Bb7 15. Rfe1 Nd7 16. Nd5 ({White should play} 16. Rb1 $15) 16... Rfe8 (16... Bxb2 $19 {Strongly threatening ...e6.} 17. Nxe7+ Kg7) 17. b4 Qc8 18. Qg5 Bxd5 19. exd5 Bf6 20. Qh6 Qc7 21. Re4 Bg7 22. Qg5 Nf6 23. Rd4 (23. Ree1 $142) 23... Qc3 $17 24. Qc1 Rec8 25. Re1 Ra7 26. g4 {[%emt 0:01:04] [#]} a5 (26... Rac7 $1 $17 {Threatens to win with ...Nd7.} 27. Rd1 Nd7) 27. g5 $15 Nd7 28. Rde4 axb4 29. axb4 Nb6 30. Qe3 Rb7 31. Rxe7 Rxe7 32. Qxe7 Nxd5 33. Qxd6 Nxb4 34. Qd7 Nxd3 (34... Nxc2 $2 35. Rc1 $18) 35. cxd3 b4 {[%emt 0:00:14] [#] And now ...b3 would win.} 36. Kg2 ({Much worse is} 36. Re8+ Rxe8 37. Qxe8+ Bf8 $17) 36... b3 37. Re8+ Rxe8 38. Qxe8+ $11 {[%emt 0:00:02][%mdl 4096] Endgame KQB-KQN} Bf8 39. Ne5 Qc7 40. Nd7 ({Avoid the trap} 40. Nc4 $2 Qb7+ 41. Kh2 b2 42. Nxb2 Qxb2 $19) 40... Qd6 41. Nf6+ Kg7 {[%emt 0:03:17] Hoping for ...h5.} 42. Qb5 {[%emt 0:00:18] aiming for Ne8+.} (42. Qe4 $5 Qe6 43. Ne8+ Kh8 44. Qd4+ Kg8 45. Nf6+ Kh8 46. Nh5+ Kg8 47. Nf6+ Kh8 48. Nh5+ Kg8 49. Nf6+ $11) 42... Qc5 43. Ne8+ $2 {[%emt 0:00:39][%mdl 8192] Loses the game.} (43. Qxb3 $11 {and White is okay.} Qxg5+ 44. Ng4) 43... Kh8 $19 44. Qxb3 {[%emt 0:00:59] Black must now prevent Qb2+.} Qc6+ 45. Kf1 Qxe8 46. Qc3+ Bg7 47. Qc7 Kg8 48. Qd6 $2 (48. h4) 48... Qe5 49. Qd8+ Bf8 {[%emt 0:00:03] Weighted Error Value: White=0.40/Black=0.15 (very precise)} 0-1

[Event "13th KIIT Festival-A 2022"]
[Site "Bhubaneswar"]
[Date "2022.05.24"]
[Round "3.11"]
[White "Aaditya Dhingra"]
[Black "Azaladze, Shota"]
[Result "0-1"]
[ECO "B08"]
[WhiteElo "2042"]
[BlackElo "2420"]
[Annotator "TA"]
[PlyCount "98"]
[EventDate "2022.05.15"]
[EventType "swiss"]
[EventCountry "IND"]
[SourceTitle "playchess.com"]
[Source "ChessBase"]
[SourceQuality "1"]
[TimeControl "5400+30"]

1. e4 g6 2. d4 Bg7 3. Nf3 c6 4. Nc3 d6 5. Be3 Nf6 6. Qd2 O-O 7. h3 b5 8. a3 a6 9. Be2 Qc7 10. O-O Nbd7 11. Rad1 {[%emt 0:01:56] B08: Pirc Defence: Classical System.} c5 {[%emt 0:09:10] [#]} 12. dxc5 $146 ({Predecessor:} 12. d5 b4 13. axb4 cxb4 14. Na2 a5 15. Bd3 Nc5 16. Bxc5 Qxc5 17. Rfe1 Nd7 18. c3 bxc3 19. Nxc3 {0-1 (45) Belus,B (1961)-Petran,P (2306) Tatranske Zruby 2016}) 12... Nxc5 13. Bxc5 {[%emt 0:06:20] Black is slightly better.} Qxc5 14. Bd3 Bb7 15. Rfe1 Nd7 16. Nd5 (16. Rb1 $15) 16... Rfe8 (16... Bxb2 $17 {And now ...e6 would win.} 17. Nxe7+ Kg7) 17. b4 $15 Qc8 18. Qg5 Bxd5 (18... Qd8 $5 ) 19. exd5 Bf6 20. Qh6 Qc7 21. Re4 Bg7 22. Qg5 Nf6 23. Rd4 (23. Ree1 $142) 23... Qc3 $17 24. Qc1 Rec8 25. Re1 Ra7 26. g4 {[%emt 0:01:04] [#]} a5 (26... Rac7 $1 $17 {White must now prevent ...Nd7.} 27. Rd1 Nd7) 27. g5 $11 Nd7 28. Rde4 axb4 29. axb4 Nb6 30. Qe3 Rb7 31. Rxe7 Rxe7 (31... Nxd5 {feels hotter.} 32. Re8+ Rxe8 33. Qxe8+ Bf8) 32. Qxe7 Nxd5 33. Qxd6 Nxb4 34. Qd7 Nxd3 (34... Nxc2 $2 35. Rc1 $18) 35. cxd3 b4 {[%emt 0:00:14] [#] ...b3 is the strong threat.} 36. Kg2 (36. Re8+ Rxe8 37. Qxe8+ Bf8 $17) 36... b3 (36... Bf8 $15) 37. Re8+ Rxe8 38. Qxe8+ {[%emt 0:00:02][%mdl 4096] Endgame KQB-KQN} Bf8 {[%emt 0:00:08] aiming for ...b2.} 39. Ne5 Qc7 40. Nd7 ({But not} 40. Nc4 $2 Qb7+ 41. Qe4 Qb5 $19) 40... Qd6 41. Nf6+ Kg7 {[%emt 0:03:17] Threatens to win with ...h5.} 42. Qb5 (42. Qe4 $5 Qe6 43. Ne8+ Kh8 44. Qd4+ Kg8 45. Nf6+ Kh8 46. Nh5+ Kg8 47. Nf6+ Kh8 48. Nh5+ Kg8 49. Nf6+ $11) 42... Qc5 43. Ne8+ $2 {[%emt 0:00:39][%mdl 8192] Now White is beyond hope.} (43. Qxb3 $11 Qxg5+ 44. Ng4) 43... Kh8 $19 {[%emt 0:00:17] Black is clearly winning.} 44. Qxb3 {[%emt 0:00:59] Hoping for Qb2+.} Qc6+ 45. Kf1 Qxe8 46. Qc3+ Bg7 47. Qc7 Kg8 48. Qd6 Qe5 49. Qd8+ Bf8 {[%emt 0:00:03] Weighted Error Value: White=0.35/Black=0.20 (precise)} 0-1

[Event "13th KIIT Festival-A 2022"]
[Site "Bhubaneswar"]
[Date "2022.05.24"]
[Round "3.12"]
[White "Nitin, S.."]
[Black "Santu, Mondal"]
[Result "1-0"]
[ECO "C02"]
[WhiteElo "2399"]
[BlackElo "2097"]
[Annotator "TA"]
[PlyCount "57"]
[EventDate "2022.05.15"]
[EventType "swiss"]
[EventCountry "IND"]
[SourceTitle "playchess.com"]
[Source "ChessBase"]
[SourceQuality "1"]
[TimeControl "5400+30"]

1. e4 e6 2. d4 d5 3. e5 c5 4. c3 Nc6 5. Nf3 Qb6 6. Be2 cxd4 7. cxd4 Nge7 8. Na3 Nf5 9. Nc2 Be7 10. O-O Bd7 11. Bd3 Rc8 {[%emt 0:10:48] C02: French: Advance Variation.} (11... Ncxd4 $2 12. Nfxd4 Nxd4 13. Be3 $18) 12. g4 (12. Bxf5 exf5 13. Qd3 Nb4 14. Nxb4 Qxb4 $11) 12... Nh4 (12... Nfxd4 13. Nfxd4 Nxe5 14. Be2 $16) 13. Nxh4 Bxh4 {[%emt 0:00:06] White is slightly better.} 14. g5 {[%emt 0:14:18] [#] Strongly threatening Qg4.} h6 (14... Nxd4 $2 15. Be3 Bxg5 16. Bxd4 $18 (16. Bxg5 Nxc2 17. Bxc2 Qxb2 $14)) 15. gxh6 gxh6 16. Kh1 Be7 {[%emt 0:19:06] [#]} (16... Nxd4 $2 17. Be3 $18) 17. Qg4 $146 ({Predecessor:} 17. Bd2 a5 18. Rb1 Na7 19. Qe1 Nc6 20. Qe3 Na7 21. b4 a4 22. Rg1 Bb5 23. Na3 Bxd3 24. Qxd3 {½-½ (31) Mueller Alves,M (2300)-Pijl,R (2313) LSS email 2011}) 17... Kd8 18. Be3 Kc7 19. b4 Kb8 20. Rfb1 h5 (20... Nxb4 $2 21. Nxb4 Qd8 22. Qf3 $18) (20... Bxb4 $2 21. a3 $18) 21. Qe2 f5 {[%emt 0:00:59] [#]} (21... Nxb4 $2 22. Nxb4 (22. a3 Rxc2 23. Bxc2 Bb5 $11) 22... Qd8 23. a4 $18) (21... f6 $11 {keeps the balance.}) 22. a4 $1 $16 Rcg8 (22... Nxb4 $2 23. Nxb4 (23. a5 Rxc2 24. axb6 Rxe2 $16) 23... Ka8 24. a5 $18 (24. Nxd5 Qc6 $16)) 23. a5 Qd8 24. Bd2 {[%emt 0:06:41] Hoping for b5.} Qe8 $2 {[%emt 0:04:21] A mistake that costs the game.} (24... Ka8 $16) 25. b5 $18 Nd8 26. b6 a6 (26... Qg6 $2 27. bxa7+ (27. Rg1 Qf7 $16) 27... Kxa7 28. Ne3 $18) 27. Bxa6 bxa6 $2 (27... Qg6 $18 28. Rg1 Qe8) 28. Qxa6 Nc6 29. Nb4 {[%emt 0:00:27] Weighted Error Value: White=0.02 (flawless) /Black=0.55} ({Weaker is} 29. b7 Qg6 30. Rg1 Qe8 $16) 1-0

[Event "13th KIIT Festival-A 2022"]
[Site "Bhubaneswar"]
[Date "2022.05.24"]
[Round "3.14"]
[White "Weerawardane, Romesh"]
[Black "Audi Ameya"]
[Result "0-1"]
[ECO "B41"]
[WhiteElo "2027"]
[BlackElo "2389"]
[Annotator "TA"]
[PlyCount "141"]
[EventDate "2022.05.15"]
[EventType "swiss"]
[EventCountry "IND"]
[SourceTitle "playchess.com"]
[Source "ChessBase"]
[SourceQuality "1"]
[TimeControl "5400+30"]

1. e4 c5 2. Nf3 e6 3. d4 cxd4 4. Nxd4 a6 5. c4 Nf6 6. Nc3 Qc7 7. a3 b6 8. Be3 Bb7 {[%emt 0:00:04] B41: Sicilian: Kan Variation: 5 c4.} 9. f3 d6 10. Be2 Nbd7 {[%emt 0:00:04] White is slightly better.} 11. Rc1 {[%emt 0:01:47] now scores much better than the old 11.0-0.} Be7 12. O-O O-O 13. b4 Rac8 14. Qe1 Rfe8 15. Qf2 h6 16. Rfd1 Qb8 {[%emt 0:00:55] [#]} 17. Nb3 $146 ({Predecessor:} 17. Qg3 Nh5 18. Qe1 Nhf6 19. Qf1 d5 20. cxd5 exd5 21. Bxa6 dxe4 22. Bxb7 Qxb7 23. Nxe4 Nxe4 24. Rxc8 Qxc8 25. fxe4 {½-½ (52) Stoeckert,M (2467)-Jensen,E (2454) ICCF email 2016}) 17... Bd8 (17... d5 $11 {is more appropriate.}) 18. g4 (18. g3 $14) 18... d5 $11 19. cxd5 exd5 20. h4 (20. Nxd5 $15 Nxd5 21. exd5) 20... dxe4 21. f4 {[%emt 0:06:25] [#]} Rxc3 $1 22. Rxc3 Nd5 23. Rxd5 Bxd5 24. Nd4 Bc7 (24... b5 $1 $17 25. g5 hxg5 26. hxg5 Bb6) 25. g5 hxg5 (25... b5 {feels hotter.} 26. Qg3 Bb6 27. Nf5 Kh7) 26. hxg5 b5 27. Bg4 Nb6 (27... Nf8 $1 $15 28. Nf5 Ne6) 28. Nf5 $14 Na4 {[%emt 0:10:31] [#]} (28... Nc4 $14) 29. Nxg7 $1 $18 Nxc3 30. Nxe8 ({White should try} 30. Nh5 $1 $16 {[%cal Rh5f6] Hoping for Nf6+.} Be6 31. Nf6+ Kg7 32. Nxe8+ Qxe8 33. Bd4+ Kf8 34. f5 (34. Bxe6 $2 Qxe6 35. Bxc3 Qg4+ 36. Qg2 Qd1+ 37. Kf2 Qc2+ 38. Kf1 Qd3+ 39. Qe2 Qh3+ 40. Qg2 Qxc3 $19)) 30... Qxe8 $14 31. Bd4 f5 $2 (31... f6 $14 32. Bxf6 Qf7) 32. Qh4 Qe7 33. Qh8+ Kf7 34. Bh5+ Ke6 35. Qc8+ {[%emt 0:00:54][%mdl 64] Skewer, Double Attack} Qd7 36. Bf7+ {[%emt 0:00:34][%mdl 64] Pin} ({Stronger than} 36. Qxa6+ Bc6 37. Bxc3 Bxf4 $11) 36... Ke7 37. Bf6+ (37. Bc5+ $142 Kxf7 38. Qxd7+ Kg6 39. Qe8+ Bf7 40. Qh8 Ne2+ 41. Kf2 Bb3 42. Qh6+ Kf7 43. Qf6+ Kg8 44. g6) 37... Kd6 $18 38. Qf8+ Kc6 39. Be8 $1 Ne2+ 40. Kf1 Nxf4 41. Qc5+ {[%emt 0:00:56][%mdl 64] Deflection} Kb7 42. Bxd7 {[%emt 0:00:23] Qf8 would kill now.} Bc4+ 43. Kg1 {[%emt 0:00:59] White wants to mate with Bc6+.} Bb6 44. Bc6+ ({Weaker is} 44. Bxf5 Bxc5+ 45. bxc5 Kc6 $16) 44... Ka7 {[%emt 0:00:25] [#]} 45. Bd4 Ne2+ (45... Bxc5 $2 46. Bxc5+ Kb8 47. Bd6+ Kc8 48. Bxf4 $18) 46. Kf2 $1 Bxc5 47. Bxc5+ {[%emt 0:00:07][%mdl 4096] Endgame KBB-KBN} Kb8 48. Bd6+ Kc8 49. Ke3 {[%emt 0:00:50] Inhibits Nd4.} Nc3 50. g6 {[%emt 0:00:30][%mdl 1024] Against Bf7. And now g7 would win. White has strong compensation.} Nd5+ 51. Kd4 Nf6 (51... Nc7 $16) 52. Ke5 $2 (52. a4 $18 {is the precise move to win.}) 52... Ng8 $2 (52... Nh5 $16 53. Kxf5 e3) 53. Bc5 Kc7 {[%emt 0:01:21] [#]} 54. Be8 {[%emt 0:00:24] Black must now prevent Bf7.} Kd8 $2 (54... Nh6 55. g7 Bg8) 55. Bf7 Nh6 56. Kf6 f4 57. Be6 $2 (57. Bxc4 $18 {[%cal Of6g5] White threatens Kg5! and mate.} bxc4 58. Kg5) 57... e3 {[%emt 0:01:45] [#]} (57... Bxe6 $11 {keeps the balance.} 58. Kxe6 e3) 58. Bb6+ {[%emt 0:00:26] A strong pair of Bishops.} (58. Bxc4 $1 $16 {[%cal Of6g5] Threatens to win with Kg5!} bxc4 59. Kg5) 58... Ke8 $11 59. g7 e2 60. Bf2 f3 61. Bc8 Ng8+ (61... Kd8 $5 62. Bh3 Ke8 $11) 62. Ke5 Kf7 63. Bxa6 Nf6 {[%emt 0:00:17] ( -> ...Ng4+)} 64. g8=Q+ Nxg8 65. Bb7 Ke7 66. Bxf3 Kd7 67. Kd4 Ne7 68. a4 Nc6+ {[%emt 0:00:06] The position is equal.} 69. Kc5 Ne5 70. axb5 Nxf3 71. Kxc4 {[%emt 0:00:30][%mdl 32768] White really could win this.  Weighted Error Value: White=0.17 (very precise) /Black=0.53. Sensor Board Error (Ke4/e5)?} 0-1